 Dungeon Crawl Stone Soup version 0.31.0-11-ge490571c62 (webtiles) character file.

Game seed: 2990994075160433505

205838 Minsecho the Imperceptible (level 17, -3/87 HPs)
             Began as a Spriggan Monk on Feb 1, 2024.
             Was the Champion of Wu Jian.
             Killed from afar by a fenstrider witch (17 damage)
             ... with a toxic bog
             ... on level 4 of the Swamp.
             The game lasted 01:58:56 (29489 turns).

Minsecho the Imperceptible (Spriggan Monk)         Turns: 29489, Time: 01:58:56

Health: -3/87      AC:  3    Str: 13    XL:     17   Next: 72%
Magic:  31/31      EV: 34    Int:  7    God:    Wu Jian [******]
Gold:   726        SH: 10    Dex: 26    Spells: 8/35 levels left

rFire   + + .        S - +1 short sword of Seih {flame, Str+2 Stlth+}
rCold   . . .        B - +3 buckler {AC+3}
rNeg    + + .        z - melded +1 robe "Put-Me-On" {Rampage Will+ rCorr}
rPois   .            (helmet restricted)
rElec   .            (no cloak)
rCorr   .            (gloves unavailable)
SInv    +            (boots unavailable)
Will    ++...        Y - amulet of Day {Regen+ Int-3 Dex+5 Slay+2}
Stlth   +++++        q - ring of positive energy
HPRegen 1.14/turn    d - ring "Plog" {rF+ rN+ Slay+3}
MPRegen 0.22/turn

%: clarity
@: lethally poisoned (-3 -> -13), maw-form, marked, slow
A: devouring maw, very small, no large weapons, unfitting armour, see invisible,
speed 3, clarity, dopey 1, fire resistance 1
}: 1/15 runes: serpentine
a: Begin Untransformation, Renounce Religion, Wall Jump, Serpent's Lash,
Heavenly Storm


You were on level 4 of the Swamp.
You worshipped Wu Jian.
Wu Jian was exalted by your worship.
You were a creature with a mouth for a stomach.
You visited 5 branches of the dungeon, and saw 26 of its levels.
You also visited: Ossuary, Bailey and Ice Cave.

You collected 2274 gold pieces.
You spent 1548 gold pieces at shops.

Inventory:

Hand Weapons
 D - the +6 falchion of the Three Bones {elec, Dex+4 Stlth+}
   (You found it on level 5 of the Dungeon)

   Dex+4:     It affects your dexterity (+4).
   Stlth+:    It makes you more stealthy.
 S - the +1 short sword of Seih (weapon) {flame, Str+2 Stlth+}
   (You found it in a bailey)

   Str+2:     It affects your strength (+2).
   Stlth+:    It makes you more stealthy.
Missiles
 a - 9 curare-tipped darts
 k - 7 datura-tipped darts
 Q - 17 boomerangs
 R - 12 atropa-tipped darts
Armour
 r - a +2 robe of resistance
 z - the +1 robe "Put-Me-On" (melded) {Rampage Will+ rCorr}
   (You found it on level 3 of the Dungeon)

   Will+:     It increases your willpower.
   rCorr:     It protects you from acid and corrosion.
   Rampage:   It bestows one free step when moving towards enemies.
 B - a +3 buckler of protection (worn)
Jewellery
 d - the ring "Plog" (right hand) {rF+ rN+ Slay+3}
   (You bought it in a shop on level 3 of the Snake Pit)

   [ring of positive energy]

   Slay+3:    It affects your accuracy & damage with ranged weapons and melee
   (+3).
   rF+:       It protects you from fire.
   rN+:       It protects you from negative energy.
 m - a ring of protection from fire
 n - a +4 ring of protection
 q - a ring of positive energy (left hand)
 K - a +6 ring of strength
 N - a ring of protection from cold
 V - a +6 ring of dexterity
 Y - the amulet of Day (around neck) {Regen+ Int-3 Dex+5 Slay+2}
   (You found it on level 11 of the Dungeon)

   [amulet of regeneration]

   Int-3:     It affects your intelligence (-3).
   Dex+5:     It affects your dexterity (+5).
   Slay+2:    It affects your accuracy & damage with ranged weapons and melee
   (+2).
   Regen+:    It increases your rate of health regeneration.
Talismans
 J - a beast talisman
Wands
 h - a wand of mindburst (23)
 t - a wand of polymorph (17)
 C - a wand of light (6)
 H - a wand of flame (69)
 I - a wand of roots (12)
 P - a wand of paralysis (14)
 X - a wand of digging (20)
Scrolls
 b - 8 scrolls of poison
 f - 2 scrolls of fear
 g - 2 scrolls of butterflies
 u - 3 scrolls of fog
 w - 4 scrolls of vulnerability
 y - 3 scrolls of silence {unknown}
 A - 6 scrolls of immolation
 E - 2 scrolls of identify
 F - 5 scrolls of noise {unknown}
 G - 10 scrolls of teleportation
 L - 4 scrolls of enchant weapon
 Z - 3 scrolls of revelation {unknown}
Potions
 c - 3 potions of ambrosia
 e - 5 potions of heal wounds
 i - 2 potions of enlightenment
 o - 3 potions of haste
 p - a potion of might
 s - 14 potions of curing
 x - 5 potions of brilliance
 M - a potion of attraction
 O - 4 potions of lignification
 T - 4 potions of cancellation
 U - 2 potions of mutation
 W - 3 potions of resistance
Miscellaneous
 j - a phial of floods
 l - a tin of tremorstones (2/2)
 v - a sack of spiders


   Skills:
 + Level 9.0 Fighting
 + Level 11.4(12.0) Short Blades
 - Level 4.1(7.0) Long Blades
 + Level 2.1 Throwing
 + Level 15.2 Dodging
 + Level 23.2 Stealth
 + Level 7.7 Shields
 - Level 5.2 Unarmed Combat
 + Level 9.5 Spellcasting
 + Level 4.9 Conjurations
 * Level 13.0 Hexes
 + Level 5.6 Ice Magic
 + Level 2.3 Evocations
 * Level 11.7 Shapeshifting


You had 8 spell levels left.
You knew the following spells:

 Your Spells              Type           Power      Damage    Failure   Level
a - Magic Dart            Conj           40%        1d5       3%          1
b - Ensorcelled Hibernat  Hex/Ice        32%        N/A       1%          2
c - Confusing Touch       Hex            21%        N/A       1%          3
d - Dazzling Flash        Conj/Hex       30%        N/A       1%          3
e - Slow                  Hex            84%        N/A       1%          1
f - Cause Fear            Hex            10%        N/A       1%          4
g - Metabolic Englaciati  Hex/Ice        8%         N/A       14%         5
h - Jinxbite              Hex            42%        N/A       1%          2
i - Ozocubu's Armour      Ice            11%        N/A       7%          3
s - Swiftness             Air            3%         N/A       56%         3

Your spell library contained the following spells:

 Spells                   Type           Power      Damage    Failure   Level
 Sigil of Binding         Hex            21%        N/A       1%          3
 Freeze                   Ice            44%        1d6       2%          1
 Searing Ray              Conj           20%        2d5       4%          2
 Frozen Ramparts          Ice            22%        1d4       7%          3
 Hailstorm                Conj/Ice       10%        3d6       8%          3
 Kiss of Death            Conj/Necr      24%        2d7       9%          1
 Anguish                  Hex/Necr       6%         N/A       16%         4
 Summon Ice Beast         Ice/Summ       7%         N/A       22%         3
 Stone Arrow              Conj/Erth      12%        3d7       24%         3
 Cigotuvi's Dreadful Rot  Necr/Alch/Air  6%         N/A       34%         2
 Yara's Violent Unravell  Hex/Alch       6%         3d5       41%         5
 Fugue of the Fallen      Necr           3%         N/A       56%         3
 Gell's Gravitas          Tloc           3%         N/A       56%         3
 Passwall                 Erth           3%         N/A       56%         3
 Teleport Other           Tloc           3%         N/A       56%         3
 Vampiric Draining        Necr           3%         2d6       56%         3
 Volatile Blastmotes      Fire/Tloc      6%         2d10      56%         3
 Brom's Barrelling Bould  Conj/Erth      6%         2d3       63%         4
 Fulminant Prism          Conj/Alch      3%         3d5       63%         4
 Iskenderun's Battlesphe  Conj           10%        2d6       63%         5
 Enfeeble                 Hex            10%        N/A       65%         7
 Animate Armour           Summ/Erth      6%         N/A       92%         4
 Animate Dead             Necr           3%         N/A       92%         4
 Dispel Undead            Necr           3%         3d7       92%         4
 Martyr's Knell           Necr/Summ      3%         N/A       92%         4
 Summon Lightning Spire   Summ/Air       3%         N/A       92%         4
 Fireball                 Conj/Fire      3%         3d4       92%         5
 Lee's Rapid Deconstruct  Erth           1%         3d4*      99%         5
 Conjure Ball Lightning   Conj/Air       3%         3x3d6     100%        6
 Death Channel            Necr           1%         N/A       100%        6
 Dispersal                Tloc           1%         N/A       100%        6
 Sculpt Simulacrum        Ice/Alch       3%         N/A       100%        6
 Starburst                Conj/Fire      3%         6d3       100%        6
 Haunt                    Necr/Summ      1%         N/A       100%        7
 Orb of Destruction       Conj           5%         9d5       100%        7
 Infestation              Necr           1%         N/A       100%        8
 Lehudib's Crystal Spear  Conj/Erth      3%         10d2      100%        8
 Maxwell's Capacitive Co  Air            1%         ∞         100%        8
 Chain Lightning          Conj/Air       3%         3d4       100%        9
 Dragon's Call            Summ           1%         N/A       100%        9
 Fire Storm               Conj/Fire      3%         8d1       100%        9
 Shatter                  Erth           1%         3d6*      100%        9


Dungeon Overview and Level Annotations

Branches:
Dungeon (12/15)            Temple (1/1) D:6            Lair (5/5) D:11
  Swamp (4/4) Lair:3        Snake (4/4) Lair:3        Slime (0/5) Lair:5
    Orc (0/2) D:12        Ossuary (visited)          Bailey (visited)
  IceCv (visited)

Altars:
Ashenzari
Cheibriados
Dithmenos
Elyvilon
Fedhas
Gozag
Hepliaklqana
Kikubaaqudgha
Makhleb
Nemelex Xobeh
Okawaru
Qazlal
Ru
Sif Muna
Trog
Uskayaw
Vehumet
Wu Jian
Xom
Yredelemnul
Zin
The Shining One
Jiyva

Shops:
Snake:3 ==:

Annotations:
Lair:4 2 transporters, Larett's ghost, journeyman MiBe


Innate Abilities, Weirdness & Mutations

You are a creature with a mouth for a stomach.
Your midsection houses a second, enormous mouth.
You are very small and have problems with some larger weapons.
You are too small for most types of armour.
You have supernaturally acute eyesight. (SInv)
You cover ground extremely quickly. (Speed+++)
You possess an exceptional clarity of mind.
You are dopey. (Int -2)
Your flesh is heat resistant. (rF+)


Message History

The fenstrider witch gestures at you while chanting.
You easily resist.
A will-o-the-wisp comes into view.
You spin and attack the fenstrider witch repeatedly.
Your unstable footing causes you to fumble your attack. x2
The swamp worm fires a harpoon shot at you.
The harpoon shot hits you!
You are yanked forward by the harpoon shot.
The will-o-the-wisp gestures.
The will-o-the-wisp conjures some marshlight!
The swamp worm bites you!
The will-o-the-wisp gestures.
The will-o-the-wisp conjures some marshlight! 4 foxfires come into view.
You see here a wand of flame (12).
You closely miss the fenstrider witch.
The fenstrider witch is moderately wounded.
The foxfire hits you. You resist. The foxfire hits you! You resist.
The fenstrider witch gestures at you while chanting.
The toxic sludge hits you!!
You are poisoned.
* * * LOW HITPOINT WARNING * * *
Splash!
You fall into the toxic bog.
Moving in this stuff is going to be slow.
The swamp worm misses you. The foxfire hits you! You resist.
* * * LOW HITPOINT WARNING * * *
You feel much better.
You fester in the toxic bog.
You are more poisoned.
* * * LOW HITPOINT WARNING * * *
You feel extremely sick. The foxfire hits you! You resist.
* * * LOW HITPOINT WARNING * * *
The fenstrider witch misses you.
You block the fenstrider witch's attack.
The swamp worm closely misses you.
Okay, then.
You feel better.
You fester in the toxic bog!
You are poisoned.
You die...

♣♣♣♣♣♣♣♣♣♣♣ ♣♣♣
.~~.....♣~♣♣♣~..
.~~~.~~~.~.~....
♣~~.§§~.§§~~§~♣
♣~.~~~~§v~§~~..
♣♣..~~~§§w§~.♣
♣~......W§♣
♣§?.~~H♣♣♣
♣♣~~~lk°°♣
♣♣~.~~~k°°♣♣
~~♣♣~~.D~~~°°°♣
~~.....D$k~~~.♣
~~~~~~~.~~~§~~♣
~~~~~~~~~~~♣♣♣♣
~w§~~~~..~.♣


You could see a seven-headed hydra, a five-headed hydra, a fenstrider witch, an
alligator, a will-o-the-wisp, a swamp worm and 3 swamp drakes.

Vanquished Creatures
  Mlioglotl (Snake:1)
  A thorn hunter (Lair:3)
  2 nagarajas
  Aizul (Snake:4)
  A fenstrider witch (Swamp:3)
  A frost giant (IceCv)
  2 ghouls (Swamp:3)
  The ghost of xfalz the Thaumaturge, a journeyman GnSk of Ashenzari (Swamp:1)
  4 eleionomae
  5 bunyips
  The ghost of Kubamp the Thaumaturge, a journeyman DEAE of Sif Muna (Lair:3)
  6 hydras
  3 salamander tyrants (Snake:4)
  3 catoblepae
  5 alligators
  3 ghost crabs
  14 anacondas
  2 two-headed ogres
  13 death yaks
  12 naga warriors
  13 shock serpents
  12 naga sharpshooters
  A skyshark (Lair:2)
  7 salamander mystics
  5 goliath frogs
  8 naga ritualists
  A spriggan druid (Swamp:3)
  15 mana vipers
  A lindwurm (Snake:4)
  5 bog bodies
  3 swamp dragons
  A deep elf pyromancer (D:12)
  An oklob plant (Lair:4)
  A manticore (D:12)
  An orc knight (Bailey)
  4 ugly things
  6 will-o-the-wisps
  21 salamanders
  10 elephants
  38 black mambas
  14 naga magi
  10 guardian serpents
  An ice statue (IceCv)
  28 cane toads
  A kobold demonologist (D:10)
  6 rime drakes
  An unseen horror (D:11)
  8 komodo dragons
  6 polar bears
  4 trolls
  12 tyrant leeches
  A bloated husk (Swamp:2)
  7 hornets
  The ghost of unrecovered the Cudgeller, an amateur AtFi (D:4)
  35 blink frogs
  6 dream sheep (Lair:4)
  2 shadows
  58 yaks
  5 wyverns
  A vampire (D:11)
  7 spriggans
  3 basilisks
  15 vampire mosquitoes
  2 steam dragons
  9 swamp worms
  2 acid dragons
  46 nagas
  17 water moccasins
  A swamp drake (Swamp:3)
  An orc warrior (Bailey)
  2 black bears
  A sky beast (D:7)
  3 ice beasts
  2 ogres (D:4)
  9 centaurs
  18 wolves
  6 kobold brigands (Bailey)
  Blork the orc (D:5)
  11 bullfrogs
  An elf zombie (Ossuary)
  2 necrophages (Swamp:3)
  A cane toad simulacrum (Lair:5)
  A gnoll sergeant (D:10)
  5 scorpions
  4 wights (D:7)
  2 howler monkeys (D:10)
  2 electric eels
  A bombardier beetle (D:4)
  3 hounds
  2 orc priests
  3 sleepcaps
  2 gnoll boudas
  6 jellies (Lair:5)
  6 iguanas
  Jessica (D:3)
  10 orc wizards
  4 scorpion zombies (Ossuary)
  A wolf simulacrum (Lair:5)
  3 mummies (Ossuary)
  15 gnolls
  10 adders
  A shadow imp (D:7)
  2 white imps
  4 ufetubi
  3 adder zombies (Ossuary)
  2 dart slugs
  4 ribbon worms
  27 orcs
  3 endoplasms
  3 giant cockroaches
  4 gnoll zombies (Ossuary)
  9 goblins
  10 hobgoblins
  6 jackals
  20 kobolds
  2 quokkas
  12 ball pythons
  9 bats
  2 frilled lizards
  3 jackal zombies (Ossuary)
  2 kobold zombies (Ossuary)
  4 rats
815 creatures vanquished.

Vanquished Creatures (collateral kills)
  A cane toad (Lair:5)
  A blink frog (Lair:5)
  5 yaks (Lair:5)
  A bullfrog (Lair:5)
8 creatures vanquished.

Vanquished Creatures (others)
  A guardian serpent (Snake:4)
  A bloated husk (Swamp:2)
  A swamp worm (Swamp:4)
  A wolf (IceCv)
  An electric eel (D:8)
  24 foxfires
29 creatures vanquished.

Grand Total: 852 creatures vanquished

Notes
Turn   | Place    | Note
-------+----------+-------------------------------------------
     0 | D:1      | Minsecho the Spriggan Monk began the quest for the Orb.
     0 | D:1      | Reached XP level 1. HP: 11/11 MP: 2/2
   204 | D:1      | Reached XP level 2. HP: 15/16 MP: 3/3
   823 | D:2      | Reached XP level 3. HP: 12/19 MP: 4/4
  1049 | D:2      | Learned a level 1 spell: Magic Dart
  1273 | D:2      | Reached XP level 4. HP: 13/24 MP: 1/5
  1275 | D:2      | Reached skill level 5 in Dodging
  1373 | D:2      | Learned a level 2 spell: Ensorcelled Hibernation
  1639 | D:3      | Found a faded altar of an unknown god.
  2018 | D:3      | Reached skill level 1 in Stealth
  2080 | D:3      | Noticed Jessica
  2090 | D:3      | Killed Jessica
  2091 | D:3      | Reached skill level 1 in Hexes
  2091 | D:3      | Reached skill level 1 in Shapeshifting
  2091 | D:3      | Reached XP level 5. HP: 28/28 MP: 3/6
  2334 | D:3      | Reached skill level 1 in Spellcasting
  2393 | D:3      | Found a hazy altar of Hepliaklqana.
  2394 | D:3      | Found a white marble altar of Elyvilon.
  2396 | D:3      | Identified the +1 robe "Put-Me-On" {Rampage Will+ rCorr}
  2739 | D:4      | Reached XP level 6. HP: 32/32 MP: 1/9
  3014 | D:4      | Learned a level 3 spell: Confusing Touch
  3203 | D:4      | Reached skill level 2 in Stealth
  3328 | D:4      | Found a transporter.
  3329 | D:4      | Found a transporter.
  3329 | D:4      | Noticed unrecovered's ghost (amateur AtFi)
  3470 | D:5      | Entered Level 5 of the Dungeon
  3551 | D:3      | Found a radiant altar of Vehumet.
  3551 | D:3      | Found a shimmering blue altar of Sif Muna.
  3708 | D:2      | Reached skill level 5 in Short Blades
  3708 | D:2      | Reached skill level 1 in Conjurations
  3775 | D:5      | Noticed an ice beast
  3880 | D:5      | Reached XP level 7. HP: 18/36 MP: 3/12
  4244 | D:5      | Identified the +6 falchion of the Three Bones {elec, Dex+4
                  | Stlth+}
  4767 | D:5      | Reached skill level 3 in Stealth
  4775 | D:5      | Reached XP level 8. HP: 41/41 MP: 13/13
  4836 | D:5      | Noticed Blork the orc
  4843 | D:5      | Killed Blork the orc
  5120 | D:6      | Reached skill level 4 in Stealth
  5161 | D:6      | Found a sacrificial altar of Ru.
  5238 | D:6      | Found a sand-covered staircase.
  5247 | Ossuary  | Entered an ossuary
  5401 | Ossuary  | Reached skill level 1 in Long Blades
  5471 | D:6      | Found a staircase to the Ecumenical Temple.
  5502 | Temple   | Entered the Ecumenical Temple
  5518 | Temple   | Became a worshipper of the Wu Jian Council
  5518 | Temple   | Reached * piety under Wu Jian
  5518 | Temple   | Reached ** piety under Wu Jian
  5626 | D:6      | Gained mutation: You are frail. (-10% HP) [potion of
                  | mutation]
  5626 | D:6      | Gained mutation: You occasionally shout uncontrollably at
                  | your foes. [potion of mutation]
  5626 | D:6      | Gained mutation: You do not regenerate when monsters are
                  | visible. [potion of mutation]
  5626 | D:6      | Gained mutation: You possess an exceptional clarity of
                  | mind. [potion of mutation]
  5627 | D:6      | Lost mutation: You do not regenerate when monsters are
                  | visible. [potion of mutation]
  5627 | D:6      | Lost mutation: You are frail. (-10% HP) [potion of
                  | mutation]
  5627 | D:6      | Lost mutation: You possess an exceptional clarity of mind.
                  | [potion of mutation]
  5627 | D:6      | Gained mutation: You are dopey. (Int -2) [potion of
                  | mutation]
  5627 | D:6      | Gained mutation: You expend magic power (3 MP) to
                  | strengthen your wands. [potion of mutation]
  5627 | D:6      | Gained mutation: You are strong-willed. (Will+) [potion of
                  | mutation]
  5628 | D:6      | Lost mutation: You are strong-willed. (Will+) [potion of
                  | mutation]
  5628 | D:6      | Lost mutation: You expend magic power (3 MP) to strengthen
                  | your wands. [potion of mutation]
  5628 | D:6      | Gained mutation: You have large cloven feet. [potion of
                  | mutation]
  5628 | D:6      | Gained mutation: Your spells are a little harder to cast,
                  | but a little more powerful. [potion of mutation]
  5628 | D:6      | Gained mutation: You possess an exceptional clarity of
                  | mind. [potion of mutation]
  5746 | D:6      | Reached skill level 5 in Stealth
  6012 | D:7      | Reached skill level 5 in Hexes
  6126 | D:7      | Reached skill level 1 in Shields
  6126 | D:7      | Reached XP level 9. HP: 45/45 MP: 15/15
  6925 | D:7      | Found a glowing silver altar of Zin.
  6925 | D:7      | Noticed an angel
  7281 | D:7      | Reached skill level 6 in Stealth
  7427 | D:7      | Reached skill level 7 in Stealth
  7439 | D:7      | Reached skill level 5 in Fighting
  7769 | D:8      | Reached XP level 10. HP: 51/51 MP: 16/16
  7792 | D:8      | Learned a level 3 spell: Dazzling Flash
  8647 | D:9      | Reached skill level 8 in Stealth
  8759 | D:9      | Noticed a two-headed ogre
  8761 | D:9      | Killed a two-headed ogre
  8861 | D:9      | Found a flagged portal.
  8867 | D:9      | Reached *** piety under Wu Jian
  8871 | D:9      | Reached skill level 9 in Stealth
  8887 | Bailey   | Entered a bailey
  9049 | Bailey   | Noticed an orc knight
  9099 | Bailey   | Killed an orc knight
  9302 | Bailey   | Found an iron altar of Okawaru.
  9311 | Bailey   | Identified the +1 short sword of Seih {flame, Str+2 Stlth+}
  9936 | D:10     | Entered Level 10 of the Dungeon
 10101 | D:10     | Reached skill level 10 in Stealth
 10219 | D:10     | Reached **** piety under Wu Jian
 10603 | D:4      | Killed unrecovered's ghost
 11549 | D:11     | Noticed a green ugly thing
 11576 | D:11     | Killed a green ugly thing
 11577 | D:11     | Reached XP level 11. HP: 56/56 MP: 18/18
 11612 | D:11     | Reached skill level 5 in Unarmed Combat
 11612 | D:11     | Reached XP level 12. HP: 61/61 MP: 19/19
 11933 | D:11     | Noticed a death yak
 12199 | D:11     | Found a staircase to the Lair.
 12247 | D:11     | Lost mutation: Your spells are a little harder to cast, but
                  | a little more powerful. [potion of mutation]
 12247 | D:11     | Lost mutation: You occasionally shout uncontrollably at
                  | your foes. [potion of mutation]
 12247 | D:11     | Lost mutation: You have large cloven feet. [potion of
                  | mutation]
 12247 | D:11     | Gained mutation: Your flesh is heat resistant. (rF+)
                  | [potion of mutation]
 12435 | D:11     | Identified the amulet of Day {Regen+ Int-3 Dex+5 Slay+2}
 12565 | D:11     | Killed a death yak
 12620 | D:11     | Noticed a two-headed ogre
 12640 | D:11     | Killed a two-headed ogre
 12655 | D:11     | Learned a level 1 spell: Slow
 12816 | D:12     | Reached skill level 10 in Dodging
 12816 | D:12     | Reached skill level 11 in Stealth
 12821 | D:12     | Reached skill level 1 in Throwing
 12906 | D:12     | Found a staircase to the Orcish Mines.
 13180 | Lair:1   | Entered Level 1 of the Lair of Beasts
 13206 | Lair:1   | Reached skill level 12 in Stealth
 13317 | Lair:1   | Reached ***** piety under Wu Jian
 13325 | Lair:1   | Reached skill level 5 in Spellcasting
 13933 | Lair:1   | Reached XP level 13. HP: 53/66 MP: 21/21
 14308 | Lair:2   | Reached skill level 13 in Stealth
 14425 | Lair:2   | You fall into a shaft and drop 2 floors!
 14501 | Lair:4   | Found a transporter.
 14503 | Lair:4   | Found a transporter.
 14504 | Lair:4   | Noticed Larett's ghost (journeyman MiBe)
 14741 | Lair:4   | Reached skill level 14 in Stealth
 14752 | Lair:4   | Found the +15 Maxwell's patent armour {-Cast -Tele rElec
                  | Will+ rCorr}
 15359 | Lair:5   | Entered Level 5 of the Lair of Beasts
 15385 | Lair:5   | Reached skill level 10 in Short Blades
 15561 | Lair:5   | Reached skill level 5 in Shields
 15585 | Lair:5   | Reached skill level 15 in Stealth
 15731 | Lair:5   | Found a viscous altar of Jiyva.
 15732 | Lair:5   | Found a staircase to the Slime Pits.
 15937 | Lair:5   | Found a frozen archway.
 15946 | IceCv    | Entered an ice cave
 16041 | IceCv    | Reached ****** piety under Wu Jian
 16131 | IceCv    | Reached XP level 14. HP: 72/72 MP: 23/23
 16476 | IceCv    | Reached skill level 16 in Stealth
 16625 | IceCv    | Noticed a frost giant
 16787 | IceCv    | Killed a frost giant
 17125 | Lair:5   | Reached skill level 1 in Evocations
 17598 | Lair:5   | Identified the +1 ring mail of Doomed Salvation {Regen+
                  | Str+2}
 17603 | Lair:5   | Got an earthy gem with 1409 turns to spare
 17803 | Lair:5   | Reached skill level 17 in Stealth
 18505 | Lair:3   | Found a staircase to the Snake Pit.
 18662 | Lair:3   | Found a staircase to the Swamp.
 18790 | Lair:3   | Reached skill level 18 in Stealth
 19093 | Lair:3   | Found a large runed translucent door.
 19093 | Lair:3   | Found a large runed translucent door.
 19098 | Lair:3   | Noticed Kubamp's ghost (journeyman DEAE)
 19551 | Lair:3   | Killed Kubamp's ghost
 19552 | Lair:3   | Reached XP level 15. HP: 70/77 MP: 26/26
 20396 | Lair:2   | Identified the +0 scale mail of a Gauntlet {Str+8 Stlth+}
 20590 | Snake:1  | Entered Level 1 of the Snake Pit
 20969 | Snake:1  | Noticed Mlioglotl
 21135 | Snake:2  | Reached skill level 19 in Stealth
 21750 | Snake:1  | Killed Mlioglotl
 21751 | Snake:1  | Reached skill level 1 in Ice Magic
 22108 | Snake:2  | Reached skill level 10 in Hexes
 22558 | Snake:1  | Reached skill level 20 in Stealth
 23381 | Snake:3  | Noticed a nagaraja
 23389 | Snake:3  | Killed a nagaraja
 23404 | Snake:3  | Reached XP level 16. HP: 82/82 MP: 20/28
 23713 | Snake:3  | Found Ytuiss's Jewellery Emporium.
 23719 | Snake:3  | Found Ydyrab's Book Boutique.
 23720 | Snake:3  | Found Gibroqo's Jewellery Emporium.
 23734 | Snake:3  | Bought a book of Burglary for 242 gold pieces
 23734 | Snake:3  | Bought a book of Winter for 374 gold pieces
 23739 | Snake:3  | Learned a level 4 spell: Cause Fear
 23745 | Snake:3  | Learned a level 5 spell: Metabolic Englaciation
 23748 | Snake:3  | Learned a level 2 spell: Jinxbite
 23752 | Snake:3  | Learned a level 3 spell: Swiftness
 23755 | Snake:3  | Bought the ring "Plog" {rF+ rN+ Slay+3} for 932 gold pieces
 24017 | Snake:4  | Entered Level 4 of the Snake Pit
 24079 | Snake:4  | Identified the serpent talisman of Lugegg {rC- Int+4
                  | Slay+2}
 24079 | Snake:4  | Noticed Aizul
 24083 | Snake:4  | Killed Aizul
 24092 | Snake:4  | Reached skill level 21 in Stealth
 25157 | Snake:4  | Reached skill level 10 in Shapeshifting
 25298 | Snake:4  | Reached skill level 22 in Stealth
 25413 | Snake:4  | Reached skill level 5 in Ice Magic
 25664 | Snake:4  | Got a serpentine rune of Zot
 26095 | Snake:4  | Reached XP level 17. HP: 51/86 MP: 2/30
 26707 | Swamp:1  | Entered Level 1 of the Swamp
 27157 | Swamp:1  | Learned a level 3 spell: Ozocubu's Armour
 27540 | Swamp:1  | Found a runed translucent door.
 27540 | Swamp:1  | Noticed xfalz's ghost (journeyman GnSk)
 27545 | Swamp:1  | Killed xfalz's ghost
 27556 | Swamp:1  | Identified the +3 morningstar of Causality {freeze, rElec
                  | Will+ Str+3}
 28155 | Swamp:2  | Reached skill level 23 in Stealth
 28592 | Swamp:3  | Reached skill level 15 in Dodging
 29447 | Swamp:4  | Entered Level 4 of the Swamp
 29489 | Swamp:4  | Killed from afar by a fenstrider witch

Illustrated notes

Levels and vault maps discovered:
D:1:      tarquinn_simple_flora_water_b, layout_loops_ring
D:2:      layout_basic
D:3:      layout_loops_cross, nicolae_overflow_hidden_temple,
          chequers_temple_overflow_statue_of_worship,
          nicolae_ecumenical_pavilion, minivault_11, st_stairs_6, minmay_cupped,
          uniq_jessica
D:4:      layout_gridville, gammafunk_ghost_smash
D:5:      layout_basic, uniq_blork_the_orc
D:6:      layout_basic, mainiacjoe_overflow_alcove_2, minmay_temple_entry_tees,
          nicolae_ossuary_entry_ruins
D:7:      layout_basic, zin_angel, minivault_22
D:8:      layout_basic
D:9:      layout_grid_maze, enter_bailey_5, dk_vineyard_3,
          minmay_strange_pillars, minmay_crystal_water,
          nicolae_twisty_statue_hallways
D:10:     layout_stronghold, hangedman_abyss_or_decor_passed, hex_large
D:11:     layout_gridville, david_lair_generic
D:12:     layout_cave_pools
Temple:   eino_temple_rhombus
Lair:1:   layout_loops_ring
Lair:2:   layout_concentric_octagons
Lair:3:   layout_gridlike, minmay_swamp_entry_reptiles,
          minmay_snake_entry_guardpost_small, ebering_ghost_disaster_area,
          grunt_megastairs_3
Lair:4:   layout_gridlike, gammafunk_ghost_hive, nicolae_lair_yak_garden
Lair:5:   minmay_lair_end_frog_pond, layout_regular_city,
          nicolae_slime_entry_field_trip, portal_ice_cave_entry_ice_simulacra,
          minivault_24, serial_bayou_shore_a, serial_bayou_shore_b
Swamp:1:  layout_basic_swamp, gammafunk_ghost_grave, hangedman_swamp_ruin_wall,
          swamp_pool_3
Swamp:2:  layout_basic_swamp, evilmike_swamp_ruin_house_2,
          nicolae_swamp_long_stream
Swamp:3:  layout_basic_swamp, nicolae_swamp_well_well_well
Swamp:4:  swamp_basic_johnstein, layout_basic_swamp, infiniplex_staircase_pool,
          uniq_bai_suzhen
Snake:1:  layout_concentric_octagons, chequers_hall_statues_corner_a,
          uniq_mlioglotl
Snake:2:  layout_rooms, grunt_megastairs_4
Snake:3:  layout_rooms, minmay_shop_grove
Snake:4:  snake_pit_salamanders_mu, layout_cave_town,
          serial_library_hellmonk_semicircle, corexii_hall_statues_u,
          grunt_ministairs_6, serial_bayou_shore_b, uniq_aizul

Skill      XL: |  1  2  3  4  5  6  7  8  9 10 11 12 13 14 15 16 17 |
---------------+----------------------------------------------------+-----
Short Blades   | 4 5 6 7 9 10 11 | 11.4
Fighting       | 3 4 5 6 7 8 9 |  9.0
Dodging        | 5 6 7 8 10 12 13 14 15 | 15.2
Stealth        | 1 2 3 5 7 10 12 15 18 20 22 23 | 23.2
Hexes          | 1 2 3 5 7 8 9 10 11 13 | 13.0
Shapeshifting  | 1 2 3 4 8 9 10 11 | 11.7
Spellcasting   | 1 2 3 4 5 6 7 8 9 |  9.5
Conjurations   | 1 2 3 4 |  4.9
Long Blades    | 3 4 |  4.1
Shields        | 1 2 4 5 6 7 |  7.7
Unarmed Combat | 5 |  5.2
Throwing       | 1 2 |  2.1
Evocations     | 1 2 |  2.3
Ice Magic      | 3 5 |  5.6

Action                     |  1- 3 |  4- 6 |  7- 9 | 10-12 | 13-15 | 16-18 || total
---------------------------+-------+-------+-------+-------+-------+-------++-------
  Melee: Short sword       |   126 |   161 |    81 |   385 |  1354 |   798 ||  2905
         Falchion          |       |       |   213 |    20 |    14 |       ||   247
         Kick              |       |       |    40 |   123 |       |       ||   163
         Dagger            |       |       |       |   235 |       |       ||   235
         Unarmed           |       |       |       |    35 |       |       ||    35
         Constrict         |       |       |       |     8 |       |       ||     8
         Spear             |       |       |       |       |       |     1 ||     1
         Maw               |       |       |       |       |       |    24 ||    24
  Throw: Boomerang         |       |       |       |     6 |     1 |       ||     7
         Dart              |       |       |       |     2 |    11 |       ||    13
         Throwing net      |       |       |       |       |     2 |       ||     2
   Cast: Magic Dart        |    12 |    48 |     5 |     8 |       |     9 ||    82
         Confusing Touch   |       |       |     1 |    12 |    10 |     2 ||    25
         Ensorcelled Hiber |       |       |       |     5 |     1 |     6 ||    12
         Dazzling Flash    |       |       |       |    15 |   162 |   114 ||   291
         Slow              |       |       |       |       |     9 |     7 ||    16
         Metabolic Englaci |       |       |       |       |       |     6 ||     6
         Jinxbite          |       |       |       |       |       |     4 ||     4
         Cause Fear        |       |       |       |       |       |     1 ||     1
         Ozocubu's Armour  |       |       |       |       |       |     2 ||     2
Ability: Whirlwind         |       |       |    19 |    65 |   235 |   100 ||   419
         Lunge             |       |       |    14 |    48 |   132 |    76 ||   270
         Begin Untransform |       |       |       |     2 |       |       ||     2
  Evoke: Wand              |       |       |       |     1 |    21 |    10 ||    32
         Sack of spiders   |       |       |       |       |       |     1 ||     1
    Use: Scroll            |       |       |     8 |     9 |    10 |     5 ||    32
         Potion            |       |       |     4 |     2 |     4 |    12 ||    22
   Stab: Sleeping          |       |     2 |    22 |    21 |    62 |    61 ||   168
         Confused          |       |       |     1 |    10 |     3 |     2 ||    16
         Distracted        |       |       |     1 |     2 |    15 |    14 ||    32
         Invisible         |       |       |       |    14 |   136 |    56 ||   206
         Held in net/web   |       |       |       |       |     3 |     1 ||     4
         Paralysed         |       |       |       |       |       |     1 ||     1
 Armour: Robe              |    28 |    32 |    63 |    83 |   167 |   167 ||   540
         Skin              |       |       |       |    29 |       |    17 ||    46
  Dodge: Dodged            |   111 |   119 |   185 |   420 |   890 |   568 ||  2293
  Block: Buckler           |       |       |    82 |   190 |   447 |   281 ||  1000
   Form: Serpent           |       |       |       |     2 |       |       ||     2
         Beast             |       |       |       |       |     1 |       ||     1
         Maw               |       |       |       |       |       |     1 ||     1
